AoeStats
← daxigua

Oasis

509043025Analyzed
4v4 RM · 9d ago on Sep 25, 2026· 55m 41s· 8 players
Game mode
Random Map
Map size
Large (8 player)
Population
200
Speed
Normal
Resources
Standard
Victory
Conquest
Starting age
Dark Age
Ending age
Imperial Age
RankedLock teamsTeams togetherTeam positionsShared explorationLock speedFull tech treeHidden civsTurbo modeCheats
Victory
Defeat
🇨🇳 Khmer · China
1057
+12
🇺🇸 Mongols · United States
1039
+13
🇨🇳 Danes · China
985
+15
🇺🇸 Varangians · United States
976
+15
🇭🇰 Celts · Hong Kong SAR China
1040
-17
🇨🇳 Saracens · China
967
-14
🇨🇳 Turks · China
927
-12
🇨🇳 Bohemians · China
924
-12
The Real Skull
8:58 Feudal Age
11:04 Loom
14:30 Castle Age
12:24 Double-Bit Axe
13:53 Horse Collar
15:26 Heavy Plow
15:40 Bow Saw
15:42 Heavy Plow
23:09 Wheelbarrow
23:31 Gold Mining
23:34 Stone Mining
23:35 Gold Mining
27:52 Gold Shaft Mining
31:06 Stone Shaft Mining
31:18 Fletching
31:28 Padded Archer Armor
31:36 Thumb Ring
35:36 Imperial Age
33:22 Hand Cart
35:29 Bodkin Arrow
35:50 Leather Archer Armor
35:53 Elite Mangudai
36:46 Husbandry
37:32 Onager
39:24 Ballistics
40:05 Chemistry
39:52 Drill
39:54 Siege Engineers
43:39 Bracer
46:59 Nomads
49:43 Siege Onager
55:39 Forging
55:34 Scale Barding Armor
Bbullet2
10:45 Feudal Age
15:00 Castle Age
15:11 Double-Bit Axe
15:23 Horse Collar
16:53 Bow Saw
16:44 Heavy Plow
18:03 Loom
18:42 Loom
20:06 Fletching
22:32 Husbandry
37:03 Wheelbarrow
39:48 Caravan
44:45 Wheelbarrow
50:43 Imperial Age
48:39 Hand Cart
52:53 Crop Rotation
52:14 Gambesons
52:30 Squires
52:15 Arson
51:51 Elite Varangian Guard
52:53 Conscription
51:54 Gothikon
54:44 Conscription
53:46 Gothikon
54:03 Elite Varangian Guard
hold up
0:57 Loom
11:59 Feudal Age
17:11 Castle Age
15:19 Stone Mining
15:24 Gold Mining
15:23 Double-Bit Axe
15:21 Horse Collar
21:19 Bow Saw
26:01 Scale Mail Armor
28:01 Wheelbarrow
29:41 Chain Mail Armor
29:37 Forging
31:13 Fletching
31:59 Iron Casting
36:04 Imperial Age
34:40 Ballistics
34:18 Murder Holes
36:56 Hand Cart
37:45 Town Watch
38:42 Conscription
38:58 Elite Jomsviking
40:35 Capped Ram
40:39 Onager
43:05 Plate Mail Armor
43:35 Blast Furnace
42:00 Heavy Scorpion
42:37 Capped Ram
43:45 Northmen's Fury
43:47 Hamask
45:07 Hoardings
47:03 Siege Onager
47:57 Siege Engineers
48:31 Fervor
48:50 Caravan
52:18 Siege Ram
電動遊戯
3:49 Loom
13:00 Feudal Age
16:56 Castle Age
15:24 Double-Bit Axe
19:40 Horse Collar
29:55 Fervor
31:16 Bloodlines
31:06 Husbandry
31:06 Fletching
31:19 Stone Mining
32:23 Gold Mining
32:57 Ballistics
32:36 Bodkin Arrow
33:23 Fortified Wall
33:17 Heavy Plow
34:04 Wheelbarrow
36:57 Imperial Age
35:15 Gold Shaft Mining
35:28 Stone Shaft Mining
35:33 Hand Cart
35:15 Murder Holes
35:31 Masonry
35:30 Scale Barding Armor
36:48 Chain Barding Armor
36:49 Masonry
37:15 Forging
37:35 Bow Saw
38:01 Conscription
38:19 Crop Rotation
38:28 Plate Barding Armor
38:10 Siege Engineers
38:34 Bracer
38:09 Capped Ram
39:04 Double Crossbow
39:17 Elite Ballista Elephant
40:11 Light Cavalry
41:08 Siege Ram
42:25 Caravan
43:17 Hussar
44:35 Iron Casting
45:12 Chemistry
44:48 Architecture
47:37 Blast Furnace
46:38 Scale Mail Armor
46:38 Elite Battle Elephant
49:05 Pikeman
50:04 Chain Mail Armor
49:36 Town Watch
50:26 Halberdier
50:52 Arson
51:15 Man-at-Arms
52:35 Coinage
54:49 Town Patrol
55:52 Hoardings
56:07 Hoardings
brain888hk
4:45 Loom
9:58 Feudal Age
10:50 Man-at-Arms
12:33 Double-Bit Axe
12:29 Horse Collar
16:32 Scale Mail Armor
19:10 Wheelbarrow
18:35 Arson
18:49 Gold Mining
22:17 Stone Mining
22:47 Stone Mining
25:27 Castle Age
26:41 Chain Mail Armor
26:37 Forging
26:39 Bow Saw
32:34 Gambesons
32:10 Long Swordsman
33:39 Iron Casting
34:36 Sanctity
35:15 Heavy Plow
35:54 Gold Shaft Mining
35:54 Stone Shaft Mining
35:43 Hand Cart
35:17 Town Watch
36:15 Fervor
36:02 Herbal Medicine
35:33 Pikeman
40:24 Imperial Age
40:50 Fletching
41:14 Fortified Wall
40:44 Onager
42:18 Onager
44:24 Siege Engineers
45:24 Ballistics
46:04 Chemistry
Pets_T饕
10:42 Feudal Age
12:14 Double-Bit Axe
17:57 Wheelbarrow
17:51 Fletching
27:09 Castle Age
25:15 Horse Collar
25:48 Forging
25:38 Scale Mail Armor
28:02 Bow Saw
27:16 Crossbowman
28:07 Heavy Plow
27:46 Pikeman
28:26 Bodkin Arrow
29:06 Iron Casting
28:47 Chain Mail Armor
30:11 Hand Cart
31:07 Ballistics
31:47 Chemistry
33:46 Fortified Wall
36:37 Padded Archer Armor
37:21 Town Watch
40:10 Imperial Age
38:37 Town Patrol
38:22 Loom
40:40 Arbalester
41:22 Bracer
41:32 Siege Engineers
41:27 Murder Holes
41:42 Masonry
42:57 Conscription
44:52 Architecture
47:47 Houfnice
daxigua
10:53 Feudal Age
9:13 Loom
11:29 Double-Bit Axe
17:00 Castle Age
16:11 Horse Collar
20:26 Wheelbarrow
20:39 Stone Mining
21:34 Gold Mining
21:46 Heavy Plow
24:10 Bloodlines
25:33 Hand Cart
25:48 Forging
28:45 Iron Casting
28:01 Fletching
28:44 Bow Saw
33:22 Imperial Age
31:34 Gold Shaft Mining
31:47 Town Watch
32:26 Padded Archer Armor
32:21 Bodkin Arrow
32:32 Scale Barding Armor
32:30 Husbandry
34:24 Conscription
33:25 Elite Mameluke
35:32 Bracer
36:57 Chemistry
37:46 Two-Man Saw
37:10 Ballistics
41:49 Blast Furnace
41:40 Murder Holes
41:20 Heavy Camel Rider
43:36 Elite Skirmisher
44:38 Leather Archer Armor
44:43 Chain Barding Armor
44:24 Scale Mail Armor
47:05 Onager
51:13 Plate Barding Armor
我血你
12:34 Feudal Age
13:03 Double-Bit Axe
17:32 Castle Age
17:20 Stone Mining
19:44 Bow Saw
19:30 Loom
20:24 Wheelbarrow
22:55 Horse Collar
23:32 Husbandry
23:34 Gold Mining
24:06 Bloodlines
24:25 Scale Barding Armor
25:05 Husbandry
25:57 Fletching
27:54 Chain Barding Armor
29:47 Padded Archer Armor
32:22 Hand Cart
34:43 Heavy Plow
42:01 Imperial Age
40:01 Leather Archer Armor
42:04 Forging
42:41 Gold Shaft Mining
43:10 Conscription
43:25 Ring Archer Armor
44:55 Two-Man Saw
43:40 Heavy Camel Rider
45:15 Ballistics
47:16 Artillery
Connection lost

Rejoining the realm…

Still unreachable

The connection could not be restored.

Session expired

The server has moved on; the page needs a fresh start.